TOP OF THE 1ST |
Winston-Salem Spirits batting - Pitching for Greensboro Hornets : RHP Jesus Silva
|
Pitching: RHP Jesus Silva
|
|
Batting: SHB Mark Wiesler
|
0-0: Swinging Strike 0-1: Ball 1-1: Foul Ball, location: 2F 1-2: Foul Ball, location: 2F 1-2: Ball 2-2: Foul Ball, location: 2F 2-2: Ball 3-2: SINGLE (Line Drive, 8LM, EV 102.5 MPH)
|
Batting: RHB Buddy Bailey
|
0-0: Ball Mark Wiesler is caught stealing 2nd base 2-4 1-0: Fly out, F7 (Line Drive, 7D, EV 85.0 MPH)
|
Batting: RHB Craig Robinson
|
0-0: Foul Ball, location: 2F 0-1: Swinging Strike 0-2: Foul Ball, location: 2F 0-2: Strikes out looking
|
Top of the 1st over - 0 runs, 1 hit, 0 errors, 0 left on base; Winston-Salem 0 - Greensboro 0 |
BOTTOM OF THE 1ST |
Greensboro Hornets batting - Pitching for Winston-Salem Spirits : LHP Chuck Hensley
|
Pitching: LHP Chuck Hensley
|
|
Batting: RHB Armando Moreno
|
0-0: Foul Ball, location: 2F 0-1: Ball 1-1: Ball 2-1: Ground out 6-3 (Groundball, 6, EV 90.6 MPH)
|
Batting: SHB Mark Bailey
|
0-0: Called Strike 0-1: Ball 1-1: Swinging Strike 1-2: Ball 2-2: Foul Ball, location: 2F 2-2: Fly out, F7 (Line Drive, 7D, EV 92.5 MPH)
|
Batting: LHB Preston Cash
|
0-0: Foul Ball, location: 2F 0-1: Swinging Strike 0-2: Ball 1-2: Ball 2-2: Foul Ball, location: 2F 2-2: Foul Ball, location: 2F 2-2: Fly out, F8 (Flyball, 8LS, EV 92.5 MPH)
|
Bottom of the 1st over - 0 runs, 0 hits, 0 errors, 0 left on base; Winston-Salem 0 - Greensboro 0 |
TOP OF THE 2ND |
Winston-Salem Spirits batting - Pitching for Greensboro Hornets : RHP Jesus Silva
|
Batting: RHB Elijah Ben
|
0-0: Called Strike 0-1: Foul Ball, location: 2F 0-2: Ball 1-2: Foul Ball, location: 2F 1-2: SINGLE (Line Drive, 5L, EV 98.1 MPH)
|
Batting: LHB Jerome Coleman
|
0-0: Ball 1-0: Called Strike 1-1: Ball 2-1: Fielders Choice at 2nd, 2-4 (Groundball, 15S, EV 71.3 MPH)
|
Batting: RHB Greg Olson
|
0-0: Ball Jerome Coleman steals 2nd base (no throw) 1-0: Ball 2-0: Foul Ball, location: 2F 2-1: Foul Ball, location: 2F 2-2: Foul Ball, location: 2F 2-2: Fly out, F9 (Flyball, 9LS, EV 92.5 MPH)
|
Batting: RHB Larry Reasonover
|
0-0: Ball 1-0: Called Strike 1-1: Ground out 5-3 (Groundball, 56S, EV 81.9 MPH)
|
Top of the 2nd over - 0 runs, 1 hit, 0 errors, 1 left on base; Winston-Salem 0 - Greensboro 0 |
BOTTOM OF THE 2ND |
Greensboro Hornets batting - Pitching for Winston-Salem Spirits : LHP Chuck Hensley
|
Batting: RHB Greg Jelks
|
0-0: Called Strike 0-1: Ball 1-1: SINGLE (Line Drive, 4D, EV 102.5 MPH)
|
Batting: LHB Fernando Vazquez
|
0-0: Ball 1-0: Fly out, F7 (Line Drive, 7, EV 87.5 MPH)
|
Batting: RHB Bernardo Brito
|
0-0: Called Strike 0-1: Swinging Strike 0-2: Strikes out looking
|
Batting: LHB Ozzie Guillen
|
0-0: Foul Ball, location: 2F 0-1: Ball 1-1: Ball 2-1: SINGLE (Line Drive, 7S, EV 94.4 MPH) Greg Jelks to second
|
Batting: LHB Francisco Melendez
|
0-0: Foul Ball, location: 2F 0-1: Foul Ball, location: 2F 0-2: Ball 1-2: Ball 2-2: SINGLE (Groundball, 34D, EV 103.1 MPH) Greg Jelks to third Ozzie Guillen to second Runner from 3rd tries for Home, SAFE, throw by RF to home
|
Batting: LHB John Hughes
|
0-0: Called Strike 0-1: Foul Ball, location: 2F 0-2: Ball 1-2: Foul Ball, location: 2F 1-2: Foul Ball, location: 2F 1-2: Ball 2-2: Foul Ball, location: 2F 2-2: Ball 3-2: SINGLE (Groundball, 3D, EV 106.3 MPH) Ozzie Guillen to third Francisco Melendez to second Ozzie Guillen scores Francisco Melendez to third
|
Batting: RHB Armando Moreno
|
0-0: Swinging Strike 0-1: Swinging Strike 0-2: Ball Passed Ball! Francisco Melendez scores John Hughes to second 1-2: Strikes out swinging
|
Bottom of the 2nd over - 3 runs, 4 hits, 0 errors, 1 left on base; Winston-Salem 0 - Greensboro 3 |
TOP OF THE 3RD |
Winston-Salem Spirits batting - Pitching for Greensboro Hornets : RHP Jesus Silva
|
Batting: RHB Ell Roberson
|
0-0: Fly out, F7 (Flyball, 7D, EV 106.9 MPH)
|
Batting: RHB Kelly Miller
|
0-0: Fly out, F8 (Flyball, 89D, EV 103.8 MPH)
|
Batting: SHB Mark Wiesler
|
0-0: Ball 1-0: Called Strike 1-1: Ball 2-1: Called Strike 2-2: Ball 3-2: Ground out 3-1 (Groundball, 34, EV 86.9 MPH)
|
Top of the 3rd over - 0 runs, 0 hits, 0 errors, 0 left on base; Winston-Salem 0 - Greensboro 3 |
BOTTOM OF THE 3RD |
Greensboro Hornets batting - Pitching for Winston-Salem Spirits : LHP Chuck Hensley
|
Batting: SHB Mark Bailey
|
0-0: Swinging Strike 0-1: Ball 1-1: Ball 2-1: Ground out U3 (Groundball, 3, EV 103.1 MPH)
|
Batting: LHB Preston Cash
|
0-0: Ball 1-0: Ball 2-0: Ball 3-0: Base on Balls
|
Batting: RHB Greg Jelks
|
0-0: Ball 1-0: Called Strike 1-1: Ball 2-1: Called Strike 2-2: Ball Preston Cash is caught stealing 2nd base 2-4 3-2: Foul Ball, location: 2F 3-2: SINGLE (Groundball, 4D, EV 109.4 MPH)
|
Batting: LHB Fernando Vazquez
|
0-0: SINGLE (Groundball, 56D, EV 97.5 MPH) Greg Jelks to second
|
Batting: RHB Bernardo Brito
|
0-0: SINGLE (Groundball, 4MD, EV 103.1 MPH) Greg Jelks to third Fernando Vazquez to second Runner from 3rd tries for Home, SAFE, throw by CF to home
|
Batting: LHB Ozzie Guillen
|
0-0: Called Strike 0-1: Ball 1-1: Ball 2-1: Ground out 4-3 (Groundball, 4, EV 85.6 MPH)
|
Bottom of the 3rd over - 1 run, 3 hits, 0 errors, 2 left on base; Winston-Salem 0 - Greensboro 4 |
TOP OF THE 4TH |
Winston-Salem Spirits batting - Pitching for Greensboro Hornets : RHP Jesus Silva
|
Batting: RHB Buddy Bailey
|
0-0: Foul Ball, location: 2F 0-1: Foul Ball, location: 2F 0-2: Ball 1-2: Strikes out looking
|
Batting: RHB Craig Robinson
|
0-0: Ball 1-0: Called Strike 1-1: Called Strike 1-2: Strikes out swinging
|
Batting: RHB Elijah Ben
|
0-0: Called Strike 0-1: Ball 1-1: Ball 2-1: Called Strike 2-2: Ball 3-2: Base on Balls
|
Batting: LHB Jerome Coleman
|
0-0: Ball 1-0: Ball 2-0: Ball 3-0: Called Strike 3-1: Ground out 4-3 (Groundball, 4M, EV 90.6 MPH)
|
Top of the 4th over - 0 runs, 0 hits, 0 errors, 1 left on base; Winston-Salem 0 - Greensboro 4 |
BOTTOM OF THE 4TH |
Greensboro Hornets batting - Pitching for Winston-Salem Spirits : LHP Chuck Hensley
|
Batting: LHB Francisco Melendez
|
0-0: Foul Ball, location: 2F 0-1: Ground out U3 (Groundball, 34, EV 110.0 MPH)
|
Batting: LHB John Hughes
|
0-0: Ball 1-0: Ball 2-0: Ball 3-0: Called Strike 3-1: Ground out 2-3 (Groundball, 2L, EV 65.0 MPH)
|
Batting: RHB Armando Moreno
|
0-0: Swinging Strike 0-1: Foul Ball, location: 2F 0-2: Ball 1-2: Ball 2-2: Ball 3-2: Strikes out swinging
|
Bottom of the 4th over - 0 runs, 0 hits, 0 errors, 0 left on base; Winston-Salem 0 - Greensboro 4 |
TOP OF THE 5TH |
Winston-Salem Spirits batting - Pitching for Greensboro Hornets : RHP Jesus Silva
|
Batting: RHB Greg Olson
|
0-0: Foul Ball, location: 2F 0-1: Fly out, F9 (Flyball, 89D, EV 99.4 MPH)
|
Batting: RHB Larry Reasonover
|
0-0: Ball 1-0: Ball 2-0: SINGLE (Line Drive, 7LM, EV 110.6 MPH)
|
Batting: RHB Ell Roberson
|
0-0: Called Strike 0-1: Ball 1-1: Fielders Choice at 2nd, 3-6 (Groundball, 3, EV 85.0 MPH)
|
Batting: RHB Kelly Miller
|
0-0: Ball 1-0: Ball Ell Roberson steals 2nd base 2-0: Foul Ball, location: 2F 2-1: Ball 3-1: Base on Balls
|
Batting: SHB Mark Wiesler
|
0-0: Called Strike 0-1: Ball 1-1: Ground out U3 (Groundball, 3, EV 88.1 MPH)
|
Top of the 5th over - 0 runs, 1 hit, 0 errors, 2 left on base; Winston-Salem 0 - Greensboro 4 |
BOTTOM OF THE 5TH |
Greensboro Hornets batting - Pitching for Winston-Salem Spirits : LHP Chuck Hensley
|
Batting: SHB Mark Bailey
|
0-0: Ball 1-0: Called Strike 1-1: Called Strike 1-2: Foul Ball, location: 2F 1-2: Fly out, F9 (Flyball, 9, EV 81.9 MPH)
|
Batting: LHB Preston Cash
|
0-0: Foul Ball, location: 2F 0-1: Ball 1-1: Ball 2-1: Fly out, F6 (Flyball, 56D, EV 83.1 MPH)
|
Batting: RHB Greg Jelks
|
0-0: Ball 1-0: Foul Ball, location: 2F 1-1: Swinging Strike 1-2: Ball 2-2: Ball 3-2: Base on Balls
|
Batting: LHB Fernando Vazquez
|
0-0: Called Strike Greg Jelks is caught stealing 2nd base 2-6
|
Bottom of the 5th over - 0 runs, 0 hits, 0 errors, 0 left on base; Winston-Salem 0 - Greensboro 4 |
TOP OF THE 6TH |
Winston-Salem Spirits batting - Pitching for Greensboro Hornets : RHP Jesus Silva
|
Batting: RHB Buddy Bailey
|
0-0: Swinging Strike 0-1: Ball 1-1: Fly out, F7 (Flyball, 7S, EV 90.0 MPH)
|
Batting: RHB Craig Robinson
|
0-0: Fly out, F8 (Flyball, 8LM, EV 89.4 MPH)
|
Batting: RHB Elijah Ben
|
0-0: Ball 1-0: Foul Ball, location: 2F 1-1: Swinging Strike 1-2: Strikes out looking
|
Top of the 6th over - 0 runs, 0 hits, 0 errors, 0 left on base; Winston-Salem 0 - Greensboro 4 |
BOTTOM OF THE 6TH |
Greensboro Hornets batting - Pitching for Winston-Salem Spirits : LHP Chuck Hensley
|
Batting: LHB Fernando Vazquez
|
0-0: Foul Ball, location: 2F 0-1: Foul Ball, location: 2F 0-2: Ball 1-2: Ground out 6-3 (Groundball, 6, EV 103.1 MPH)
|
Batting: RHB Bernardo Brito
|
0-0: Ball 1-0: Called Strike 1-1: Foul Ball, location: 2F 1-2: SINGLE (Line Drive, 8RS, EV 93.8 MPH)
|
Batting: LHB Ozzie Guillen
|
0-0: DOUBLE (Line Drive, 7LM, EV 107.5 MPH) Bernardo Brito to third Runner from 3rd tries for Home, SAFE, no throw by LF
|
Pitching: LHP Dominick Bullinger
|
|
Batting: LHB Francisco Melendez
|
0-0: Foul Ball, location: 2F 0-1: Ball 1-1: Ball 2-1: Foul Ball, location: 2F 2-2: Ball 3-2: Fly out, F4 (Popup, 34S, EV 76.9 MPH)
|
Batting: LHB John Hughes
|
0-0: Foul Ball, location: 2F 0-1: Foul Ball, location: 2F 0-2: Ball 1-2: Foul Ball, location: 2F 1-2: Ball 2-2: Strikes out swinging
|
Bottom of the 6th over - 1 run, 2 hits, 0 errors, 1 left on base; Winston-Salem 0 - Greensboro 5 |
TOP OF THE 7TH |
Winston-Salem Spirits batting - Pitching for Greensboro Hornets : RHP Jesus Silva
|
Batting: LHB Jerome Coleman
|
0-0: Ball 1-0: Ball 2-0: Ball 3-0: Base on Balls
|
Batting: RHB Greg Olson
|
0-0: Swinging Strike 0-1: SINGLE (Line Drive, 4D, EV 103.8 MPH) Jerome Coleman to second Runner from 2nd tries for 3rd, SAFE, throw by CF made to third
|
Batting: RHB Larry Reasonover
|
0-0: Ball 1-0: Ball 2-0: Reached on error, E4 (Groundball, 4, EV 84.4 MPH) Jerome Coleman scores Greg Olson to second
|
Batting: RHB Ell Roberson
|
0-0: Ball 1-0: Called Strike 1-1: Swinging Strike 1-2: Strikes out looking
|
Batting: RHB Kelly Miller
|
0-0: Ball 1-0: Swinging Strike 1-1: Foul Ball, location: 2F 1-2: Ball 2-2: Strikes out swinging
|
Batting: SHB Mark Wiesler
|
0-0: Ball 1-0: Swinging Strike 1-1: Called Strike 1-2: Strikes out swinging
|
Top of the 7th over - 1 run, 1 hit, 1 error, 2 left on base; Winston-Salem 1 - Greensboro 5 |
BOTTOM OF THE 7TH |
Greensboro Hornets batting - Pitching for Winston-Salem Spirits : LHP Dominick Bullinger
|
Batting: RHB Armando Moreno
|
0-0: Called Strike 0-1: Fly out, F7 (Flyball, 7LM, EV 91.3 MPH)
|
Batting: SHB Mark Bailey
|
0-0: DOUBLE (Line Drive, 9LS, EV 91.9 MPH)
|
Batting: LHB Preston Cash
|
0-0: Ball 1-0: Ball 2-0: 2-RUN HOME RUN (Flyball, 89XD, EV 91.3 MPH), Distance : 409 ft
|
Batting: RHB Greg Jelks
|
0-0: Ball 1-0: Foul Ball, location: 2F 1-1: Called Strike 1-2: Strikes out looking
|
Batting: LHB Fernando Vazquez
|
0-0: Ground out U3 (Groundball, 3, EV 88.1 MPH)
|
Bottom of the 7th over - 2 runs, 2 hits, 0 errors, 0 left on base; Winston-Salem 1 - Greensboro 7 |
TOP OF THE 8TH |
Winston-Salem Spirits batting - Pitching for Greensboro Hornets : RHP Jesus Silva
|
Batting: RHB Buddy Bailey
|
0-0: Ball 1-0: Called Strike 1-1: Swinging Strike 1-2: Ball 2-2: Ball 3-2: Base on Balls
|
Pitching: LHP Ken Angulo
|
|
Batting: RHB Craig Robinson
|
0-0: Ball 1-0: Ball 2-0: Foul Ball, location: 2F 2-1: Called Strike 2-2: Strikes out looking
|
Batting: RHB Elijah Ben
|
0-0: Ball 1-0: Called Strike 1-1: Swinging Strike 1-2: Ball 2-2: Ball 3-2: Base on Balls Buddy Bailey to second
|
Batting: LHB Jerome Coleman
|
0-0: Ball 1-0: Called Strike 1-1: Swinging Strike 1-2: Foul Ball, location: 2F 1-2: Strikes out swinging
|
Batting: RHB Greg Olson
|
0-0: Fly out, F9 (Flyball, 89M, EV 85.0 MPH)
|
Top of the 8th over - 0 runs, 0 hits, 0 errors, 2 left on base; Winston-Salem 1 - Greensboro 7 |
BOTTOM OF THE 8TH |
Greensboro Hornets batting - Pitching for Winston-Salem Spirits : LHP Dominick Bullinger
|
Batting: RHB Bernardo Brito
|
0-0: Ground out 6-3 (Groundball, 6, EV 103.1 MPH)
|
Batting: LHB Ozzie Guillen
|
0-0: Swinging Strike 0-1: Ball 1-1: Foul Ball, location: 2F 1-2: Ball 2-2: Foul Ball, location: 2F 2-2: Ball 3-2: Foul Ball, location: 2F 3-2: Strikes out swinging
|
Batting: LHB Francisco Melendez
|
0-0: Hit by Pitch
|
Batting: LHB John Hughes
|
0-0: Ball 1-0: Ball 2-0: Ball 3-0: Base on Balls Francisco Melendez to second
|
Batting: RHB Armando Moreno
|
0-0: Called Strike 0-1: Ball 1-1: Swinging Strike 1-2: Strikes out looking
|
Bottom of the 8th over - 0 runs, 0 hits, 0 errors, 2 left on base; Winston-Salem 1 - Greensboro 7 |
TOP OF THE 9TH |
Winston-Salem Spirits batting - Pitching for Greensboro Hornets : LHP Ken Angulo
|
Batting: RHB Larry Reasonover
|
0-0: Ground out 4-3 (Groundball, 4, EV 91.9 MPH)
|
Batting: RHB Ell Roberson
|
0-0: Ball 1-0: Ball 2-0: Ball 3-0: Base on Balls
|
Batting: RHB Kelly Miller
|
0-0: Ball 1-0: Swinging Strike 1-1: Foul Ball, location: 2F 1-2: Foul Ball, location: 2F 1-2: Strikes out looking
|
Batting: SHB Mark Wiesler
|
0-0: Ball 1-0: Called Strike 1-1: Ball 2-1: Hit by Pitch Ell Roberson to second
|
Batting: RHB Buddy Bailey
|
0-0: Called Strike 0-1: Ball 1-1: Ball 2-1: Ball 3-1: Called Strike 3-2: Base on Balls Ell Roberson to third Mark Wiesler to second
|
Batting: RHB Craig Robinson
|
0-0: Swinging Strike 0-1: Foul Ball, location: 2F 0-2: Foul Ball, location: 2F 0-2: Ball 1-2: Foul Ball, location: 2F 1-2: Strikes out looking
|
Top of the 9th over - 0 runs, 0 hits, 0 errors, 3 left on base; Winston-Salem 1 - Greensboro 7 |
|